 Dungeon Crawl Stone Soup version 0.31-a0-167-g1c394c0614 (webtiles) character file.

Game seed: 7484296221497668950

58 Irreverend the Shooter (level 4, 0/34 HPs)
             Began as a Human Hunter on June 14, 2023.
             Slain by an adder (1 damage)
             ... on level 2 of the Dungeon.
             The game lasted 00:01:46 (1490 turns).

Irreverend the Shooter (Human Hunter)               Turns: 1490, Time: 00:01:46

Health: 0/34       AC:  3    Str: 11    XL:     4   Next: 21%
Magic:  4/4        EV: 12    Int: 10    God:
Gold:   65         SH:  0    Dex: 18    Spells: 3/3 levels left

rFire   . . .        a - +0 shortbow
rCold   . . .        (shield currently unavailable)
rNeg    . . .        c - +0 leather armour
rPois   .            (no helmet)
rElec   .            (no cloak)
rCorr   .            (no gloves)
SInv    .            (no boots)
Will    .....        (no amulet)
Stlth   ++           (no ring)
HPRegen 0.25/turn    (no ring)
MPRegen 0.09/turn

%: no passive effects
@: brilliant, lethally poisoned (0 -> -2), attractive
A: no striking features
a: no special abilities


You were on level 2 of the Dungeon.
You visited 1 branch of the dungeon, and saw 2 of its levels.

You collected 65 gold pieces.

Inventory:

Hand Weapons
 a - a +0 shortbow (weapon)
Armour
 c - a +0 leather armour (worn)
Jewellery
 g - a ring of see invisible
Scrolls
 b - a scroll of butterflies
 d - a scroll of poison {unknown}
 f - 3 scrolls of identify {unknown}
 j - a scroll of teleportation {unknown}
 l - a scroll of immolation {unknown}
 n - a scroll of enchant weapon {unknown}
Potions
 h - a potion of attraction
 i - a potion of degeneration {unknown}
 k - a potion of berserk rage {unknown}
 m - a potion of ambrosia {unknown}


   Skills:
 + Level 2.6 Fighting
 * Level 4.8 Ranged Weapons
 + Level 2.6 Dodging
 - Level 1.0 Stealth


You had 3 spell levels left.
You didn't know any spells.
Your spell library contained the following spells:

 Spells                   Type           Power      Damage    Failure   Level
 Magic Dart               Conj           0%         1d3       45%         1
 Searing Ray              Conj           0%         2d4       58%         2
 Fulminant Prism          Conj/Hex       0%         3d5       99%         4


Dungeon Overview and Level Annotations

Branches:
Dungeon (2/15)

Altars:


Message History

You are too injured to fight recklessly!
You are too injured to fight recklessly!
You are too injured to fight recklessly!
You are too injured to fight recklessly!
You are too injured to fight recklessly!
You are too injured to fight recklessly!
You are too injured to fight recklessly!
You are too injured to fight recklessly!
You are too injured to fight recklessly!
You are too injured to fight recklessly!
You are too injured to fight recklessly!
You are too injured to fight recklessly!
You are too injured to fight recklessly!
You are too injured to fight recklessly!
You are too injured to fight recklessly!
You are too injured to fight recklessly!
You are too injured to fight recklessly!
You are too injured to fight recklessly!
You are too injured to fight recklessly!
You shoot an arrow. The arrow hits the adder.
The adder is almost dead.
You feel sick. The adder bites you. x2
You are more poisoned.
The adder poisons you!
It was a potion of attraction.
You feel attractive to monsters.
You feel sick. The adder completely misses you.
You shoot an arrow. The arrow misses the adder.
You feel sick. The adder bites you.
* * * LOW HITPOINT WARNING * * *
The adder closely misses you.
You shoot an arrow. The arrow closely misses the adder.
* * * LOW HITPOINT WARNING * * *
You feel sick. The adder bites you.
* * * LOW HITPOINT WARNING * * *
It was a potion of brilliance.
You feel clever all of a sudden.
* * * LOW HITPOINT WARNING * * *
You feel sick. The adder misses you. The adder bites you.
You die...

........#.#
..........####### .
................##.
..........#####.#..
.........######.#.#
.......<.....##.#.#
...รท##.#.###.##.#.#
..#.##.#.....##.#S#
..#..#.#.###....@.#
.(.....#.###.##.........
..##....................
..>.
..######.....#..########
#..# ..# #.....#...
#..#...
..######.....#..#
#..#..#
........(...<#..#
####..#...
..######....##..#
#.....#...
.....###....##..#
#.........


You could see an adder.

Vanquished Creatures
  An adder (D:2)
  3 worms (D:2)
  4 ball pythons
  3 endoplasms (D:1)
  A giant cockroach (D:2)
  5 hobgoblins
  4 jackals (D:1)
  2 quokkas (D:2)
  3 bats
  4 goblins
  5 kobolds
  3 rats
38 creatures vanquished.

Notes
Turn   | Place    | Note
-------+----------+-------------------------------------------
     0 | D:1      | Irreverend the Human Hunter began the quest for the Orb.
     0 | D:1      | Reached XP level 1. HP: 16/16 MP: 1/1
   232 | D:1      | Reached XP level 2. HP: 22/22 MP: 2/2
   388 | D:1      | You fall into a shaft and drop 1 floor!
   435 | D:2      | Reached XP level 3. HP: 28/28 MP: 3/3
  1366 | D:2      | Reached XP level 4. HP: 27/34 MP: 4/4
  1490 | D:2      | HP: 1/34 [poisoned by an adder]
  1490 | D:2      | Slain by an adder

Illustrated notes

Levels and vault maps discovered:
D:1:      ebering_trefoil_3fold, layout_basic, hangedman_decor_growths
D:2:      layout_basic

Action                     |  1- 3 |  4- 6 || total
---------------------------+-------+-------++-------
   Fire: Shortbow          |   121 |    17 ||   138
    Use: Potion            |       |     2 ||     2
 Armour: Leather armour    |    10 |     1 ||    11
  Dodge: Dodged            |    42 |    11 ||    53

Table legend: (Time is in decaauts)
 A = Elapsed time spent in this place.
 B = Non-inter-level travel time spent in this place.
 C = Inter-level travel time spent in this place.
 D = Time resting spent in this place.
 E = Time spent auto-exploring this place.
 F = Levels seen in this place.
 G = Mean time per level.
                   A        B        C        D        E       F      G
               +--------+--------+--------+--------+--------+-----+--------+
         Total |   1520 |   1474 |     46 |      0 |   1236 |   2 |  760.0 |
       Dungeon |   1520 |   1474 |     46 |      0 |   1236 |   2 |  760.0 |
               +--------+--------+--------+--------+--------+-----+--------+

Top non-repeatable levels by time:
     D:1: 940 daAuts
     D:2: 579 daAuts
